Map: Ulrena

Players

Gracz

  • Race: Terran Terran
  • League: Bronze

Louloubolz - Winner!

  • Race: Terran Terran
  • League: Bronze

VOD

Have the link to the VOD?

Description

Time

  • Played on: May 8, 2016, 5:17 a.m.
  • Length: 22:03
Show
View Real Time Build Order
Export as new Build Order

Gracz Terran 

Build Orders:  

Get SALT Encoding   

  12  0:20  Supply Depot  
  12  0:27  SCV  
  13  0:39  SCV  
  14  0:53  SCV  
  15  1:04  Supply Depot  
  15  1:05  SCV  
  16  1:20  Barracks  
  16  1:22  Barracks  
  16  1:24  Barracks  
  16  1:43  Supply Depot  
  16  1:44  SCV  
  17  1:52  Supply Depot  
  17  1:56  SCV  
  18  2:17  Bunker  
  18  2:25  Bunker  
  18  2:26  Marine  
  18  2:27  Marine x2  
  21  2:44  Marine x3  
  21  2:45  Supply Depot  
  24  3:02  Marine x3  
  27  3:20  Marine x3  
  30  3:37  Marine, Refinery  
  30  3:38  Marine x2  
  23  4:20  Marine x3  
  24  4:38  Marine x3  
  22  4:45  Barracks  
  24  4:56  Marine x3  
  27  5:02  Command Center  
  27  5:13  Marine  
  28  5:14  Marine x2  
  30  5:31  Marine  
  30  5:32  Marine x2  
  33  5:41  Engineering Bay  
  33  5:45  Barracks  
  33  5:49  Marine x2  
  34  5:50  Marine  
  36  6:05  Marine  
  36  6:07  Marine x3  
  36  6:22  Marine  
  36  6:25  Marine x3  
  35  6:40  Marine  
  35  6:42  Marine  
  35  6:43  Marine  
  38  7:16  Bunker  
  38  7:18  SCV  
  39  7:29  Marine  
  39  7:30  Marine, SCV  
  42  7:42  SCV  
  43  7:54  SCV  
  44  8:01  Bunker  
  44  8:02  SCV  
  45  8:06  SCV  
  46  8:14  SCV  
  46  8:18  Orbital Command  
  47  8:20  Barracks Tech Lab  
  47  8:26  SCV  
  48  8:32  Marine  
  48  8:33  Marine x2  
  48  8:34  Marine  
  52  8:54  Marine  
  52  8:55  Marine x3  
  56  9:12  Marine  
  56  9:13  Marine x3  
  60  9:17  SCV  
  61  9:28  Stimpack  
  61  9:30  Marine  
  61  9:31  Marine x3  
  65  9:48  Marine  
  66  9:55  Marine  
  66  9:56  Marine x2  
  69  10:06  Marine  
  70  10:13  Marine, Supply Depot  
  71  10:14  Marine x2  
  73  10:23  Marine, SCV  
  75  10:31  Marine  
  75  10:32  Marine x2  
  79  10:35  SCV  
  79  10:47  SCV  
  72  11:14  Orbital Command  
  71  11:28  Marine  
  71  11:29  Marine x3  
  75  11:43  SCV  
  75  11:44  SCV  
  75  11:46  Marine  
  78  11:47  Marine x3  
  81  11:55  Factory, SCV  
  81  11:56  SCV  
  83  12:04  Marine x3  
  83  12:05  Combat Shields  
  86  12:11  Marine, SCV x2  
  89  12:22  Marine x3  
  90  12:23  SCV  
  90  12:29  Marine  
  94  12:35  SCV  
  95  12:40  Marine x3  
  98  12:47  Marine  
  99  12:52  Refinery  
  99  12:57  Marine  
  99  12:58  Marine  
  100  13:03  Marine  
  102  13:13  Orbital Command  
  102  13:14  Marine  
  102  13:15  Marine  
  102  13:16  Marine  
  105  13:21  Marine  
  106  13:32  Ghost Academy  
  106  13:33  Terran Infantry Armor Level 1  
  106  13:36  Marine  
  106  13:37  Marine x2  
  106  13:38  Marine  
  110  13:56  Starport  
  110  14:02  Marine x4  
  114  14:06  Supply Depot  
  114  14:11  Supply Depot  
  114  14:16  Ghost  
  116  14:24  Marine  
  116  14:25  Marine  
  118  14:33  Supply Depot  
  118  14:51  Personal Cloaking  
  118  15:19  Starport  
  118  15:22  Marine x2  
  118  15:23  Marine x2  
  122  15:40  Marine x4  
  126  15:58  Marine x3  
  129  16:09  Medivac x2  
  133  16:49  Medivac  
  133  16:50  Medivac  
  137  16:57  SCV  
  137  16:59  Marine x4, Command Center  
  142  17:09  SCV  
  142  17:13  Fusion Core  
  143  17:17  Marine x4  
  143  17:20  Refinery  
  147  17:22  Refinery  
  147  17:25  SCV  
  148  17:31  SCV  
  148  17:35  Marine  
  150  17:45  Nuke  
  150  18:05  Marine x4, SCV  
  155  18:14  Starport Tech Lab  
  155  18:15  Starport Tech Lab  
  155  18:17  SCV  
  156  18:23  Marine x4  
  156  18:24  Supply Depot  
  160  18:40  Marine x4  
  164  18:42  Battlecruiser  
  164  18:46  Battlecruiser  
  176  18:51  Supply Depot  
  176  18:58  Marine x4  
  88  19:16  Marine x3  
  66  19:38  Ghost  
  64  19:50  Battlecruiser  
  57  20:15  SCV  
  58  20:25  Battlecruiser  
Show
View Real Time Build Order
Export as new Build Order

Louloubolz Terran - Winner!

Build Orders:  

Get SALT Encoding   

  12  0:04  SCV  
  13  0:16  SCV  
  14  0:29  SCV  
  14  0:33  Supply Depot  
  15  0:39  Supply Depot  
  15  0:54  SCV  
  16  0:58  Barracks  
  16  1:04  Barracks  
  16  1:06  SCV  
  17  1:11  Refinery  
  17  1:18  SCV  
  18  1:30  SCV  
  19  1:43  SCV  
  20  1:48  Barracks  
  20  1:52  Marine  
  21  1:57  SCV  
  21  1:59  Refinery  
  22  2:02  Marine  
  23  2:09  SCV  
  24  2:22  Factory  
  24  2:24  Barracks Tech Lab  
  24  2:27  SCV  
  25  2:30  Marine  
  26  2:39  SCV  
  26  2:43  Barracks Reactor, Supply Depot  
  27  2:46  Marine  
  28  2:51  SCV  
  28  2:58  Marine  
  30  3:12  Command Center  
  30  3:16  Supply Depot  
  30  3:20  Factory Reactor  
  30  3:31  Starport  
  30  3:33  Marine  
  31  3:34  Marine  
  31  3:37  Marine  
  33  3:47  Orbital Command  
  33  4:06  Hellion x2  
  31  4:10  Marine x2  
  31  4:11  Marine  
  30  4:37  Liberator  
  30  4:44  Supply Depot  
  30  4:48  Marauder  
  30  4:50  Marine x2  
  30  4:52  Hellion x2  
  41  5:02  SCV  
  42  5:11  Combat Shields  
  42  5:18  Widow Mine x2  
  46  5:26  Supply Depot  
  46  5:33  Marine x2  
  48  5:46  Marine  
  48  5:49  Marine  
  50  6:03  Starport Reactor, Marine  
  48  7:17  Hellion x2, Bunker  
  48  7:18  Medivac x2  
  48  7:20  Bunker, Marauder  
  48  7:21  Marine  
  59  7:23  Marine  
  59  7:25  Stimpack  
  59  7:29  SCV  
  61  7:34  SCV  
  62  7:41  SCV  
  63  7:46  SCV  
  64  7:52  Medivac x2  
  64  7:54  Marine x3  
  64  7:55  Marauder  
  64  7:58  Widow Mine x2  
  75  8:11  Bunker  
  75  8:15  Supply Depot, SCV  
  75  8:17  Marauder  
  78  8:37  SCV x2  
  80  8:49  SCV  
  81  9:16  Command Center  
  81  9:25  Refinery  
  81  9:27  Engineering Bay  
  81  9:28  Marine x2  
  81  9:30  Marauder  
  85  9:34  Refinery  
  85  9:53  Supply Depot  
  85  10:08  Liberator  
  85  10:09  Liberator  
  85  10:14  Marauder  
  85  10:16  Supply Depot  
  85  10:17  Sensor Tower  
  87  10:24  Terran Infantry Weapons Level 1  
  93  10:29  Hellion x2  
  97  10:35  Marine  
  97  10:36  Marine x3  
  97  10:39  Supply Depot  
  101  11:02  Supply Depot  
  97  11:18  Liberator x2  
  97  11:20  Planetary Fortress  
  97  11:25  Supply Depot  
  97  11:36  Widow Mine x2  
  107  11:47  Factory  
  107  11:48  Supply Depot  
  107  12:10  Supply Depot  
  107  12:14  Widow Mine x2  
  111  12:18  Building Armor  
  111  12:26  Bunker  
  111  12:29  Bunker  
  111  12:32  Supply Depot  
  111  12:37  Medivac x2  
  111  12:40  Marine x3  
  111  12:43  Concussive Shells  
  118  12:47  Marine  
  119  12:58  Marauder  
  119  13:00  Starport, Factory Tech Lab  
  119  13:04  Marine  
  122  13:38  Widow Mine  
  122  13:39  Widow Mine  
  126  13:41  Siege Tank  
  126  13:43  Starport Tech Lab  
  129  14:13  Siege Tank  
  136  14:45  Hellion  
  136  14:46  Hellion  
  136  15:20  Neosteel Frame  
  136  16:07  Widow Mine x2  
  136  16:09  Banshee  
  143  16:11  Cloaking Field  
  143  16:16  Infernal Pre-Igniter  
  141  16:52  Banshee  
  144  17:05  Liberator x2  
  144  17:17  Siege Tank  
  144  17:20  Widow Mine  
  144  17:21  Widow Mine  
  151  17:25  Marine  
  151  17:26  Marine  
  151  17:27  Marine  
  160  17:44  Marine  
  160  17:49  Refinery, Siege Tank  
  164  17:52  Refinery  
  164  18:02  Marine  
  165  18:51  Terran Infantry Armor Level 1  
  165  18:52  Supply Depot  
  165  18:54  Supply Depot  
  165  19:14  Viking x2  
Tags
 
Add a new tag
Caveats
  • Supply blocks, unpowered buildings, or Contaminate may cause inaccurate times.
  • Supply counts are checked every 10 seconds.